AoeStats
← saschauli

Lombardia

509340916Analyzed
4v4 RM · 7d ago on Sep 26, 2026· 46m 0s· 8 players
Game mode
Random Map
Map size
Large (8 player)
Population
200
Speed
Normal
Resources
Standard
Victory
Conquest
Starting age
Dark Age
Ending age
Imperial Age
RankedLock teamsTeams togetherTeam positionsShared explorationLock speedFull tech treeHidden civsTurbo modeCheats
Victory
Defeat
🇮🇳 Huns · India
988
+14
🇮🇳 Franks · India
985
+14
🇬🇧 Vikings · United Kingdom
982
+14
🇮🇩 Tatars · Indonesia
960
+15
962
-16
🇸🇦 Khmer · Saudi Arabia
946
-14
🇩🇪 Celts · Germany
941
-14
🇳🇱 Bohemians · Netherlands
903
-13
CrazyWolf
14:13 Feudal Age
14:03 Loom
14:44 Horse Collar
14:51 Double-Bit Axe
20:23 Castle Age
19:35 Gold Mining
21:50 Heavy Plow
22:06 Bow Saw
21:22 Pikeman
22:06 Stone Mining
25:18 Murder Holes
31:20 Wheelbarrow
31:27 Wheelbarrow
30:38 Town Watch
34:05 Imperial Age
31:54 Fletching
32:04 Padded Archer Armor
32:18 Forging
32:09 Scale Mail Armor
33:52 Hand Cart
34:12 Bodkin Arrow
34:32 Leather Archer Armor
34:42 Ballistics
34:33 Masonry
36:10 Crop Rotation
35:43 Bracer
36:22 Iron Casting
36:48 Chemistry
36:20 Conscription
36:39 Caravan
36:32 Halberdier
36:58 Arson
38:47 Double Crossbow
43:02 Blast Furnace
42:18 Chain Mail Armor
42:33 Ring Archer Armor
43:37 Hoardings
CamoTheWolf
10:26 Feudal Age
10:56 Double-Bit Axe
10:54 Horse Collar
11:57 Wheelbarrow
21:13 Castle Age
22:28 Town Watch
22:53 Caravan
22:40 Man-at-Arms
23:49 Forging
23:28 Long Swordsman
24:47 Scale Mail Armor
29:48 Hand Cart
34:37 Imperial Age
32:24 Pikeman
34:10 Bow Saw
34:03 Heavy Plow
36:29 Two-Man Saw
36:37 Chemistry
35:00 Halberdier
35:44 Squires
37:04 Iron Casting
36:45 Chain Mail Armor
36:21 Fletching
36:32 Padded Archer Armor
40:14 Blast Furnace
41:33 Plate Mail Armor
Máximus_Meridius_II :)
10:12 Feudal Age
13:01 Double-Bit Axe
13:00 Horse Collar
21:19 Castle Age
20:26 Wheelbarrow
20:09 Gold Mining
24:14 Bloodlines
24:33 Scale Barding Armor
24:39 Forging
30:17 Imperial Age
28:05 Hand Cart
27:37 Town Watch
30:41 Elite Steppe Lancer
32:27 Gold Shaft Mining
31:44 Stone Mining
32:25 Bow Saw
34:47 Iron Casting
34:33 Chain Barding Armor
35:56 Town Patrol
36:00 Caravan
36:03 Heavy Plow
36:19 Masonry
36:33 Ballistics
37:16 Chemistry
36:48 Conscription
39:46 Plate Barding Armor
39:02 Fletching
39:12 Padded Archer Armor
38:42 Crossbowman
39:28 Thumb Ring
40:58 Blast Furnace
41:11 Loom
41:35 Elite Kipchak
saschauli
11:12 Feudal Age
11:41 Horse Collar
11:49 Double-Bit Axe
18:15 Castle Age
16:29 Stone Mining
16:51 Gold Mining
17:56 Loom
20:04 Stone Shaft Mining
19:35 Heavy Plow
22:50 Bow Saw
23:18 Forging
24:05 Scale Mail Armor
28:10 Iron Casting
27:52 Chain Mail Armor
28:44 Gold Shaft Mining
34:15 Imperial Age
34:09 Wheelbarrow
33:30 Fletching
34:35 Bodkin Arrow
35:20 Conscription
35:35 Plate Mail Armor
36:16 Hand Cart
37:06 Blast Furnace
36:44 Elite Woad Raider
42:33 Pikeman
43:27 Halberdier
Paladins Order
12:24 Feudal Age
14:11 Double-Bit Axe
16:52 Castle Age
16:01 Horse Collar
19:50 Wheelbarrow
20:45 Bloodlines
22:09 Bow Saw
25:15 Heavy Plow
26:37 Gold Mining
27:19 Forging
28:00 Scale Barding Armor
29:24 Iron Casting
30:08 Chain Barding Armor
30:38 Husbandry
34:29 Imperial Age
31:48 Town Watch
32:14 Stone Mining
33:56 Silk Armor
34:33 Elite Steppe Lancer
34:34 Heavy Camel Rider
37:12 Light Cavalry
39:06 Conscription
40:15 Capped Ram
42:26 Blast Furnace
44:46 Hussar
SSR Wonder
9:01 Loom
11:54 Feudal Age
13:12 Double-Bit Axe
13:36 Horse Collar
17:30 Castle Age
18:14 Squires
18:28 Heavy Plow
22:06 Fervor
23:49 Bow Saw
29:24 Wheelbarrow
29:17 Gold Mining
29:17 Stone Mining
32:52 Imperial Age
30:42 Forging
31:49 Gold Shaft Mining
32:50 Hand Cart
32:22 Town Watch
33:02 Masonry
33:33 Iron Casting
33:04 Scale Barding Armor
32:50 Fletching
33:08 Husbandry
33:18 Bloodlines
34:10 Marauders
34:31 Conscription
35:19 Blast Furnace
35:20 Chain Barding Armor
35:31 Elite Tarkan
36:40 Town Patrol
37:53 Two-Man Saw
38:52 Plate Barding Armor
37:52 Capped Ram
39:57 Atheism
39:40 Scale Mail Armor
39:06 Siege Ram
39:25 Pikeman
39:52 Arson
39:55 Halberdier
40:57 Chain Mail Armor
40:44 Bodkin Arrow
40:48 Murder Holes
41:14 Ballistics
41:54 Chemistry
42:04 Bracer
42:09 Padded Archer Armor
Alex
9:44 Loom
11:29 Feudal Age
15:48 Castle Age
14:23 Double-Bit Axe
15:03 Horse Collar
15:15 Stone Mining
17:59 Gold Mining
19:14 Heavy Plow
22:20 Scale Mail Armor
22:54 Forging
23:16 Arson
24:57 Iron Casting
24:39 Chain Mail Armor
25:21 Squires
27:06 Loom
29:53 Imperial Age
29:05 Gold Shaft Mining
29:03 Bow Saw
30:22 Capped Ram
30:42 Elite Berserk
32:44 Plate Mail Armor
32:20 Town Watch
34:21 Blast Furnace
36:11 Two-Man Saw
35:24 Elite Varangian Guard
36:28 Siege Ram
38:20 Chieftains
39:21 Conscription
39:13 Siege Engineers
39:27 Treadmill Crane
swa-lmhwra
12:05 Feudal Age
17:13 Castle Age
15:53 Double-Bit Axe
19:32 Bow Saw
23:49 Wheelbarrow
25:31 Hand Cart
30:18 Imperial Age
27:57 Gold Mining
28:15 Scale Mail Armor
29:58 Chain Mail Armor
29:49 Scale Barding Armor
29:54 Husbandry
31:22 Forging
30:57 Cavalier
32:11 Plate Mail Armor
32:04 Chain Barding Armor
32:44 Conscription
32:31 Paladin
34:43 Plate Barding Armor
34:45 Iron Casting
38:39 Elite Throwing Axeman
41:28 Caravan
Connection lost

Rejoining the realm…

Still unreachable

The connection could not be restored.

Session expired

The server has moved on; the page needs a fresh start.